 Dungeon Crawl Stone Soup version 0.18.1-8-gdd0e5ea (console) character file.

60310 UndeadYoungAthlete the Earth Mage (level 14, -19/74 HPs)
             Began as a Gargoyle Earth Elementalist on May 23, 2016.
             Was a High Priest of Vehumet.
             Killed from afar by a fire dragon (59 damage)
             ... with a blast of flame
             ... on level 11 of the Dungeon.
             The game lasted 01:14:04 (26436 turns).

UndeadYoungAthlete the Earth Mage (GrEE)           Turns: 26436, Time: 01:14:05

Health: -19/74     AC: 20    Str:  8    XL:     14   Next: 98%
Magic:  3/32       EV: 12    Int: 25    God:    Vehumet [*****.]
Gold:   1147       SH:  3    Dex: 12    Spells: 11 memorised, 1 level left

rFire  . . .     SeeInvis +     a - +2 whip (freeze)
rCold  + . .     Gourm    .     G - +2 robe {rC+}
rNeg   + + .     Faith    .     (no shield)
rPois  ∞         Spirit   .     y - +0 helmet
rElec  +         Dismiss  .     H - +1 cloak
rCorr  .         Reflect  +     (no gloves)
SustAt .         Harm     .     x - +1 pair of boots
MR     +....                    o - +3 amulet of reflection
Stlth  ++........               L - ring "Ren Dos" {Fragile rN+ Str-3 Int+3 Dex+2}
                                M - ring of see invisible

@: repel missiles, somewhat resistant to hostile enchantments, unstealthy
A: big wings, negative energy resistance 1, electricity resistance, unbreathing,
petrification resistance, rot immunity, AC +9
a: Fly, Renounce Religion


You were on level 11 of the Dungeon.
You worshipped Vehumet.
Vehumet was extremely pleased with you.
You were very hungry.

You visited 3 branches of the dungeon, and saw 21 of its levels.

You collected 1147 gold pieces.

Inventory:

Hand Weapons
 a - a +2 whip of freezing (weapon)
Missiles
 b - 146 stones (quivered)
Armour
 x - a +1 pair of boots (worn)
 y - a +0 helmet (worn)
 G - a +2 robe of cold resistance (worn)
 H - a +1 cloak (worn)
Jewellery
 o - a +3 amulet of reflection (around neck)
 L - the ring "Ren Dos" (right hand) {Fragile rN+ Str-3 Int+3 Dex+2}
   (You found it on level 6 of the Lair of Beasts)

   [ring of strength]

   It affects your strength (-3).
   It affects your intelligence (+3).
   It affects your dexterity (+2).
   It protects you from negative energy.
   It will be destroyed if unequipped.
 M - a ring of see invisible (left hand)
Wands
 k - a wand of iceblast (11/15)
 q - a wand of lightning (2/15)
 B - a wand of iceblast (7/15)
 F - a wand of teleportation (3/9)
Scrolls
 c - 2 scrolls of teleportation
 f - 2 scrolls of fog
 j - 10 scrolls of remove curse
 v - 4 scrolls of holy word
Potions
 g - 2 potions of flight
 l - a potion of agility
 r - 3 potions of might
 u - a potion of brilliance
 z - a potion of ambrosia
 A - a potion of heal wounds
 C - a potion of haste
 Q - a potion of resistance
 W - a potion of curing
Miscellaneous
 s - a phial of floods
Comestibles
 d - 15 bread rations
 N - 4 fruits


   Skills:
 * Level 3.1 Fighting
 * Level 7.1 Armour
 - Level 1.5 Dodging
 - Level 2.1 Stealth
 - Level 14.8 Spellcasting
 - Level 13.3 Conjurations
 - Level 0.7 Transmutations
 + Level 16.2 Earth Magic


You had one spell level left.
You knew the following spells:

 Your Spells              Type           Power        Failure   Level  Hunger
a - Sandblast             Erth           ######       0%          1    None
b - Stone Arrow           Conj/Erth      ######       1%          3    None
c - Petrify               Trmt/Erth      ######..     1%          4    None
d - Lee's Rapid Deconstr  Erth           #######...   1%          5    ##.....
e - Conjure Flame         Conj/Fire      ######..     1%          3    None
f - Mephitic Cloud        Conj/Pois/Air  #####...     1%          3    None
g - Blink                 Tloc           N/A          6%          2    None
h - Repel Missiles        Chrm/Air       ###...       6%          2    None
i - Bolt of Magma         Conj/Fire/Erth ######....   1%          5    ##.....
j - Iron Shot             Conj/Erth      #######...   1%          6    ####...
k - Orb of Destruction    Conj           ######....   3%          7    ######.


Dungeon Overview and Level Annotations

Branches:
Dungeon (12/15)            Temple (1/1) D:4            Lair (8/8) D:10
 Shoals (0/4) Lair:3        Snake (0/4) Lair:6
  Slime: Lair:6-8       Orc: D:9-12

Altars:
Ashenzari
Cheibriados
Dithmenos
Elyvilon
Fedhas
Gozag
Kikubaaqudgha
Makhleb
Nemelex Xobeh
Okawaru
Pakellas
Qazlal
Ru
Sif Muna
Trog
Vehumet
Xom
Yredelemnul
Zin
The Shining One
Beogh

Shops:
D:10 [

Annotations:
D:3 Etesian's ghost, weakling FoFi
D:5 Etesian's ghost, novice FoFi
D:11 exclusion: 2 downstairs
Lair:4 exclusion: 2 downstairs
Lair:5 exclusion: downstairs
Lair:7 exclusion: 2 downstairs
Lair:8 Etesian's ghost, journeyman FoFi; Kirke


Innate Abilities, Weirdness & Mutations

You are resistant to torment.
Your stone body is resilient (AC +9).
You are immune to poison.
Your large and strong wings let you fly indefinitely.
You resist negative energy.
You are resistant to electric shocks.
You can survive without breathing.
You are immune to petrification.
You are immune to rotting.


Message History

Aim: a fire dragon (almost dead, catching its breath)
The bolt of magma hits the vampire mosquito.
You destroy the vampire mosquito!
Vehumet accepts your kill.
You feel your power returning.
The bolt of magma hits the fire dragon.
The fire dragon partially resists.
The fire dragon is almost dead.
* * * LOW MAGIC WARNING * * *
The vampire mosquito bites you but does no damage.
There is a stone staircase leading up here.
The vampire mosquito bites you!
You climb upwards.
Level annotation: exclusion: 2 downstairs
There is a stone staircase leading down here.
The vampire mosquito barely misses you. The vampire mosquito misses you.
The vampire mosquito closely misses you.
The fire dragon breathes flames at you. The blast of flame hits you!
Ouch! That really hurt!
You die...

.......#....#....#
.......#.[.).....#
.......#.........#
#'######.(.......#
.................#
.................#
..............##.#
##............##.#
##.......(....##@#
.........(.....y.#
##########..!...D#
...).....#.......#
.........#.......#
.........#.......#
.........#..###..#
.........#..###..#
##########.......#


You could see a fire dragon and a vampire mosquito.

Vanquished Creatures
  Nessos (Lair:5)
  Snorg (Lair:4)
  Erolcha (D:10)
  A catoblepas (D:11)
  5 hydras
  10 death yaks
  Nergalle (D:10)
  An unseen horror (D:12)
  A hill giant (D:10)
  Pikel (D:4)
  30 elephants
  10 black mambas
  A cyclops (D:11)
  A siren (Lair:3)
  9 spiny frogs
  Maurice (D:8)
  A gargoyle (D:10)
  A torpor snail (Lair:3)
  A rime drake (Lair:3)
  10 komodo dragons
  A troll (D:12)
  Grinder (D:5)
  A merfolk (Lair:3)
  25 blink frogs
  Prince Ribbit (D:8)
  A wraith (D:11)
  A spriggan (D:9)
  Sigmund (D:6)
  42 yaks
  2 wyverns
  3 hogs (Lair:8)
  3 basilisks
  3 hungry ghosts
  A steam dragon (D:10)
  2 vampire mosquitoes (D:12)
  7 hippogriffs
  Menkaure (D:5)
  8 water moccasins
  A soldier ant (D:11)
  9 porcupines
  4 ice beasts
  2 sky beasts
  A slave (D:4)
  3 phantoms
  A black bear (D:8)
  2 necrophages
  2 wasps
  2 orc warriors
  3 ogres
  6 wolves
  11 centaurs
  15 crocodiles
  Blork the orc (D:4)
  A big kobold (D:7)
  A gnoll sergeant (D:9)
  13 giant frogs
  5 scorpions
  A wyvern skeleton (D:11)
  A water moccasin skeleton (D:11)
  7 killer bees
  4 wights (D:9)
  5 howler monkeys
  A centaur zombie (D:11)
  4 crimson imps
  4 giant frog zombies
  A jelly (D:6)
  3 giant frog skeletons
  5 hounds
  5 orc priests
  8 orc wizards
  2 centaur skeletons
  A gnoll shaman (D:9)
  13 iguanas
  6 worker ants
  A hound zombie (D:10)
  2 hound skeletons
  2 howler monkey zombies
  15 adders
  15 gnolls
  50 river rats
  2 shadow imps
  3 adder skeletons
  6 worms
  11 giant geckos
  46 orcs
  7 bats
  A giant cockroach (D:3)
  4 goblins
  8 hobgoblins
  9 jackals
  4 quokkas
  3 ball pythons
  A giant gecko skeleton (D:7)
  7 giant newts
  A jackal zombie (D:8)
  11 kobolds
  A quokka zombie (D:7)
  3 rats
  A fungus (Lair:4)
  2 plants
562 creatures vanquished.

Vanquished Creatures (others)
  A worm (D:4)
  21 fungi
  15 plants
37 creatures vanquished.

Grand Total: 599 creatures vanquished

Notes
Turn   | Place    | Note
--------------------------------------------------------------
     0 | D:1      | UndeadYoungAthlete the Gargoyle Earth Elementalist began the quest for the Orb.
     0 | D:1      | Reached XP level 1. HP: 10/10 MP: 3/3
   535 | D:1      | Reached XP level 2. HP: 15/15 MP: 0/5
  1004 | D:2      | Reached skill level 4 in Earth Magic
  1015 | D:2      | Reached XP level 3. HP: 18/19 MP: 0/7
  1146 | D:2      | Learned a level 3 spell: Stone Arrow
  1753 | D:2      | Reached XP level 4. HP: 22/24 MP: 6/9
  2308 | D:3      | Learned a level 4 spell: Petrify
  2375 | D:3      | Found a snail-covered altar of Cheibriados.
  2384 | D:3      | Found a blossoming altar of Fedhas.
  2385 | D:3      | Found a glowing golden altar of the Shining One.
  2386 | D:3      | Found a bloodstained altar of Trog.
  2386 | D:3      | Found a basalt altar of Yredelemnul.
  2387 | D:3      | Found a deep blue altar of Sif Muna.
  2391 | D:3      | Found a shattered altar of Ashenzari.
  2452 | D:3      | Reached XP level 5. HP: 28/28 MP: 8/10
  2508 | D:3      | Noticed Etesian's ghost (weakling FoFi)
  3200 | D:3      | Reached skill level 5 in Earth Magic
  3713 | D:4      | Noticed Pikel
  3713 | D:4      | Noticed a slave
  3713 | D:4      | Noticed a slave
  3713 | D:4      | Noticed a slave
  3714 | D:4      | Noticed a slave
  3720 | D:4      | Killed a slave
  3727 | D:4      | Killed Pikel
  3727 | D:4      | Reached skill level 6 in Earth Magic
  3727 | D:4      | Reached XP level 6. HP: 32/32 MP: 1/15
  3727 | D:4      | Reached XP level 7. HP: 36/36 MP: 1/16
  3845 | D:4      | Found an iron altar of Okawaru.
  3886 | D:4      | Found a staircase to the Ecumenical Temple.
  3935 | Temple   | Entered the Ecumenical Temple
  3992 | Temple   | Became a worshipper of Vehumet
  4097 | D:4      | Noticed Blork the orc
  4103 | D:4      | Killed Blork the orc
  4173 | D:4      | Learned a level 5 spell: Lee's Rapid Deconstruction
  4276 | D:4      | Reached skill level 7 in Earth Magic
  4524 | D:5      | Entered Level 5 of the Dungeon
  4524 | D:5      | Noticed a wyvern
  4528 | D:5      | Killed a wyvern
  4528 | D:5      | Reached XP level 8. HP: 34/41 MP: 8/18
  4691 | D:5      | Noticed Etesian's ghost (novice FoFi)
  4947 | D:5      | Noticed Grinder
  4948 | D:5      | Paralysed by Grinder for 5 turns
  4966 | D:5      | Killed Grinder
  5333 | D:5      | Noticed Menkaure
  5338 | D:5      | Killed Menkaure
  5338 | D:5      | Reached skill level 8 in Earth Magic
  5644 | D:6      | Reached * piety under Vehumet
  5644 | D:6      | Offered knowledge of Freeze by Vehumet.
  5698 | D:6      | Reached XP level 9. HP: 45/45 MP: 15/21
  5790 | D:6      | Noticed Sigmund
  5794 | D:6      | Killed Sigmund
  5834 | D:6      | Reached skill level 9 in Earth Magic
  6501 | D:7      | Reached skill level 10 in Spellcasting
  6645 | D:7      | Learned a level 3 spell: Conjure Flame
  6649 | D:7      | Learned a level 3 spell: Mephitic Cloud
  6652 | D:7      | Learned a level 2 spell: Blink
  6655 | D:7      | Learned a level 2 spell: Repel Missiles
  6682 | D:7      | Reached skill level 10 in Earth Magic
  6701 | D:7      | Reached XP level 10. HP: 28/50 MP: 0/24
  6895 | D:7      | Reached ** piety under Vehumet
  7108 | D:7      | Offered knowledge of Searing Ray by Vehumet.
  7496 | D:8      | Noticed Prince Ribbit
  7504 | D:8      | Killed Prince Ribbit
  7533 | D:8      | Identified A Primer on Theurgy
  7535 | D:8      | Noticed Maurice
  7546 | D:8      | Killed Maurice
  7546 | D:8      | Reached skill level 1 in Conjurations
  7982 | D:8      | Offered knowledge of Dazzling Spray by Vehumet.
  8286 | D:9      | Reached *** piety under Vehumet
  8289 | D:9      | Reached skill level 11 in Earth Magic
  8534 | D:9      | Found a roughly hewn altar of Beogh.
  8621 | D:9      | Noticed a catoblepas
  8626 | D:9      | Offered knowledge of Inner Flame by Vehumet.
  9218 | D:9      | Reached XP level 11. HP: 54/54 MP: 19/26
  9708 | D:10     | Entered Level 10 of the Dungeon
  9712 | D:10     | Noticed Nergalle
 10007 | D:10     | Noticed Erolcha
 10122 | D:10     | Killed Erolcha
 10122 | D:10     | Reached skill level 5 in Conjurations
 10183 | D:10     | Reached **** piety under Vehumet
 10216 | D:10     | Found a staircase to the Lair.
 10296 | Lair:1   | Entered Level 1 of the Lair of Beasts
 10301 | Lair:1   | Noticed a five-headed hydra
 10555 | Lair:2   | Offered knowledge of Fulminant Prism by Vehumet.
 10976 | Lair:2   | Reached skill level 12 in Earth Magic
 12605 | Lair:3   | Reached XP level 12. HP: 44/59 MP: 26/29
 12816 | Lair:3   | Learned a level 5 spell: Bolt of Magma
 12823 | Lair:3   | Learned a level 6 spell: Iron Shot
 12827 | Lair:3   | Reached skill level 1 in Armour
 12982 | Lair:3   | Found a staircase to the Shoals.
 13928 | Lair:4   | Noticed Snorg
 13937 | Lair:4   | Killed Snorg
 13937 | Lair:4   | Reached ***** piety under Vehumet
 13937 | Lair:4   | Offered knowledge of Airstrike by Vehumet.
 13937 | Lair:4   | Reached skill level 13 in Earth Magic
 15374 | Lair:5   | Noticed a death yak
 15374 | Lair:5   | Noticed a death yak
 15374 | Lair:5   | Noticed a death yak
 15374 | Lair:5   | Noticed a death yak
 15537 | Lair:5   | Killed a death yak
 15537 | Lair:5   | Reached skill level 5 in Armour
 15736 | Lair:4   | Killed a death yak
 15902 | Lair:5   | Reached XP level 13. HP: 63/63 MP: 26/31
 16502 | Lair:5   | Noticed Nessos
 16510 | Lair:5   | Killed Nessos
 16689 | Lair:4   | Learned a level 7 spell: Orb of Destruction
 16834 | Lair:4   | Reached skill level 14 in Earth Magic
 18282 | Lair:1   | Got a steaming chain mail
 18369 | Lair:2   | Identified the +5 chain mail "Ucoaren" {*Drain rF+ MR+} (You found it on level 1 of the Lair of Beasts)
 19442 | D:10     | Found Yromanti's Armour Boutique.
 19886 | D:11     | Reached skill level 10 in Conjurations
 20202 | D:11     | Offered knowledge of Lightning Bolt by Vehumet.
 20217 | D:11     | Got a faintly glowing leather armour
 20273 | D:10     | Identified the +2 leather armour "Igro" {Regen+ Str+2 Int-4} (You found it on level 11 of the Dungeon)
 20718 | D:11     | Gained mutation: Your large and strong wings let you fly indefinitely. [Gargoyle growth]
 20718 | D:11     | Reached XP level 14. HP: 64/68 MP: 14/32
 20982 | D:11     | Reached skill level 15 in Earth Magic
 22458 | Lair:6   | Got a twitching silver ring
 22459 | Lair:6   | Identified the cursed ring "Ren Dos" {Fragile rN+ Str-3 Int+3 Dex+2} (You found it on level 6 of the Lair of Beasts)
 22796 | Lair:6   | Found a staircase to the Snake Pit.
 24503 | Lair:8   | Entered Level 8 of the Lair of Beasts
 24952 | Lair:8   | Noticed Kirke
 24971 | Lair:8   | Reached skill level 16 in Earth Magic
 25033 | Lair:8   | Noticed a sphinx
 25122 | Lair:7   | Offered knowledge of Poisonous Cloud by Vehumet.
 25596 | Lair:7   | Reached skill level 1 in Fighting
 25979 | Lair:8   | Noticed Etesian's ghost (journeyman FoFi)
 26315 | D:10     | Killed Nergalle
 26436 | D:11     | Killed from afar by a fire dragon

Skill      XL: |  1  2  3  4  5  6  7  8  9 10 11 12 13 14 |
---------------+-------------------------------------------+-----
Earth Magic    | 4 6 7 8 10 11 12 13 14 16 | 16.2
Spellcasting   | 3 6 8 10 11 13 14 | 14.8
Conjurations   | 4 7 10 13 | 13.3
Armour         | 5 6 7 |  7.1
Fighting       | 3 |  3.1
Dodging        | |  1.5
Stealth        | |  2.1
Transmutations | |  0.7

Action                   |  1- 3 |  4- 6 |  7- 9 | 10-12 | 13-15 || total
-------------------------+-------+-------+-------+-------+-------++-------
Melee: Unarmed           |    44 |     1 |       |       |       ||    45
       Morningstar       |       |     8 |       |       |       ||     8
       Whip              |       |       |       |    65 |    27 ||    92
 Cast: Sandblast         |    66 |    86 |   125 |   232 |    41 ||   550
       Stone Arrow       |       |     1 |    21 |   118 |   219 ||   359
       Lee's Rapid Decon |       |       |     7 |    52 |    49 ||   108
       Repel Missiles    |       |       |     1 |     2 |     2 ||     5
       Petrify           |       |       |     1 |     5 |       ||     6
       Iron Shot         |       |       |       |    14 |    90 ||   104
       Bolt of Magma     |       |       |       |    14 |    46 ||    60
  Use: Scroll            |       |       |       |    14 |     9 ||    23
       Potion            |       |       |       |       |     7 ||     7
 Stab: Sleeping          |     1 |     1 |       |       |       ||     2
  Eat: Chunk             |     3 |     6 |     9 |    32 |    38 ||    88
       Pizza             |       |       |     1 |     2 |     1 ||     4
       Beef jerky        |       |       |     1 |       |       ||     1
       Fruit             |       |       |       |     2 |     1 ||     3
       Bread ration      |       |       |       |     1 |     1 ||     2
       Meat ration       |       |       |       |       |     2 ||     2
Armor: Robe              |    34 |    26 |    34 |    90 |   115 ||   299
Dodge: Dodged            |    70 |    33 |    33 |    81 |   120 ||   337
       Deflected         |       |       |       |     3 |     4 ||     7
Block: Other             |       |       |       |     9 |    31 ||    40
